 Dungeon Crawl Stone Soup version 0.19.3-4-gbf9329e (webtiles) character file.

516 Gargoyl the Chopper (level 7, -16/59 HPs)
             Began as a Ghoul Abyssal Knight on Jan 27, 2017.
             Was a Believer of Lugonu.
             Demolished by an ogre
             ... wielding a +0 giant spiked club
              (22 damage)
             ... on level 4 of the Dungeon.
             The game lasted 00:06:17 (3410 turns).

Gargoyl the Chopper (Ghoul Abyssal Knight)          Turns: 3410, Time: 00:06:18

Health: -16/59     AC: 11    Str: 16    XL:     7   Next: 20%
Magic:  8/8        EV:  7    Int:  7    God:    Lugonu [**....]
Gold:   73         SH:  0    Dex: 10    Spells: 0 memorised, 6 levels left

rFire  . . .     SeeInvis .     f - +0 war axe
rCold  + . .     Gourm    .     e - +0 chain mail
rNeg   + + +     Faith    .     (no shield)
rPois  ∞         Spirit   .     (no helmet)
rElec  .         Reflect  .     d - +1 cloak
rCorr  .         Harm     .     (no gloves)
MR     .....                    (no boots)
Stlth  ..........               (no amulet)
                                (no ring)
                                (no ring)

@: rotting
A: rotting body, claws 1, carnivore 3, cold resistance 1, negative energy
resistance 3, slow regeneration 1, torment resistance, unbreathing
a: Depart the Abyss, Bend Space, Renounce Religion


You were on level 4 of the Dungeon.
You worshipped Lugonu.
Lugonu was pleased with you.
You were not hungry.

You visited 1 branch of the dungeon, and saw 5 of its levels.
You visited the Abyss 1 time.

You collected 73 gold pieces.

Inventory:

Hand Weapons
 a - a +1 hand axe
 f - a +0 war axe (weapon)
Missiles
 q - 5 tomahawks (quivered)
Armour
 d - a +1 cloak (worn)
 e - a +0 chain mail (worn)
Scrolls
 g - 2 scrolls of remove curse
 h - a scroll of identify
 k - 2 scrolls of blinking {unknown}
 p - 2 scrolls of magic mapping
Potions
 b - a potion of brilliance
 i - 2 potions of degeneration
Books
 m - the Catalogue of Torrid Feathers
   (You found it on level 5 of the Dungeon)

   Spells                             Type                      Level
   a - Shock                          Conjuration/Air              1
   b - Flame Tongue                   Conjuration/Fire             1
   c - Throw Flame                    Conjuration/Fire             2
   d - Ignite Poison                  Fire/Transmutation/Poison    3
   e - Deflect Missiles               Charms/Air                   6
   f - Delayed Fireball               Conjuration/Fire             7
Comestibles
 c - a meat ration
 l - 2 beef jerkies
 n - 2 slices of pizza


   Skills:
 + Level 4.2 Fighting
 + Level 4.2 Axes
 * Level 4.2 Armour
 + Level 1.2 Dodging
 * Level 3.9 Invocations


You had 6 spell levels left.
You didn't know any spells.

Dungeon Overview and Level Annotations

Branches:
Dungeon (5/15)
 Temple: D:4-7

Altars:
Trog

Shops:
D:4 }   D:5 *

Annotations:
D:3 mora's ghost, amateur DDEE


Innate Abilities, Weirdness & Mutations

Your body is rotting away.
You thrive on raw meat.
You are immune to poison.
You have sharp fingernails.
You are carnivorous and can eat meat at any time.
Your flesh is cold resistant. (rC+)
You are immune to negative energy. (rN+++)
You regenerate slowly when monsters are visible.
You are immune to unholy pain and torment.
You can survive without breathing.


Message History

An ogre comes into view. It is wielding a giant spiked club.
The ogre shouts!
Found two faded altars of an unknown god.
Throwing (i - inventory):
q - 6 tomahawks (quivered)
Press: ? - help, Shift-Dir - straight line, f - ogre
Aim: an ogre, wielding a giant spiked club You throw a tomahawk.
The tomahawk barely misses the ogre.
The ogre hits you with a giant spiked club!
You hit the ogre but do no damage. You slash the ogre!
The ogre is moderately wounded.
The ogre hits you with a giant spiked club!!
You hit the ogre but do no damage.
The ogre is moderately wounded.
The ogre hits you with a giant spiked club!!
* * * LOW HITPOINT WARNING * * *
You slash the ogre!
The ogre is almost dead.
The ogre hits you with a giant spiked club!!
You die...

# ####...........#
##...(....<. #
#....######.###
#.#.###.###. #
#.#### #
#..#......... # #.#
##.#####.#.#. # #.#
# #.#.#. #.# #.#.#.
#.# _. ._ #.#.#. #.#
#..#######..# ....##
#
##.#######(..O@....#
#.### #
#........#####.#####
#.# # #.########
##'#.#.# #.# # #.#
#....#)# #.# # #.#
#.#.##.# ####.###
###.# #.#.##.#
#......# ....#
#.#.##.# #.###..#
##.## #.#.##.# #.#
#..## #.#
#.#.##.####.###....


You could see an ogre.

Vanquished Creatures
  Grinder (D:5)
  An ogre (D:4)
  A jelly (D:4)
  An orc priest (D:5)
  A hound (D:4)
  2 orc wizards (D:2)
  3 adders
  2 worms (D:2)
  3 dart slugs
  5 orcs
  2 bats (D:2)
  3 giant cockroaches (D:2)
  2 goblins (D:1)
  4 hobgoblins
  14 jackals
  9 kobolds
  2 quokkas
  A ball python (D:2)
  A frilled lizard (D:1)
  4 rats
62 creatures vanquished.

Notes
Turn   | Place    | Note
-------+----------+-------------------------------------------
     0 | Abyss:1  | Gargoyl the Ghoul Abyssal Knight began the quest for the Orb.
     0 | Abyss:1  | Reached XP level 1. HP: 19/19 MP: 1/1
    89 | Abyss:2  | Found a corrupted altar of Lugonu.
   172 | Abyss:2  | Noticed a smoke demon
   173 | D:1      | Escaped the Abyss
   325 | D:1      | Reached * piety under Lugonu
   415 | D:1      | Reached XP level 2. HP: 26/26 MP: 2/2
  1142 | D:2      | Found a bloodstained altar of Trog.
  1209 | D:2      | Reached XP level 3. HP: 33/33 MP: 3/3
  1260 | D:2      | Reached skill level 1 in Dodging
  1531 | D:2      | Reached XP level 4. HP: 40/40 MP: 4/4
  1814 | D:3      | Noticed mora's ghost (amateur DDEE)
  1948 | D:2      | Reached XP level 5. HP: 29/46 MP: 6/6
  2131 | D:4      | Reached ** piety under Lugonu
  2222 | D:4      | Found Epiateu's Gadget Shop.
  2307 | D:4      | Noticed an ogre
  2317 | D:4      | You fall through a shaft!
  2317 | D:5      | Entered Level 5 of the Dungeon
  2538 | D:5      | Found Gatosech's Assorted Antiques.
  2633 | D:5      | Identified the Catalogue of Torrid Feathers
  2650 | D:5      | Noticed Grinder
  3003 | D:5      | Paralysed by Grinder for 2 turns
  3015 | D:5      | Paralysed by Grinder for 3 turns
  3031 | D:5      | Killed Grinder
  3031 | D:5      | Reached XP level 6. HP: 22/52 MP: 7/7
  3214 | D:4      | Reached XP level 7. HP: 29/59 MP: 8/8
  3404 | D:4      | Found a faded altar of an unknown god.
  3404 | D:4      | Found a faded altar of an unknown god.
  3410 | D:4      | Demolished by an ogre

Skill      XL: |  1  2  3  4  5  6 |
---------------+-------------------+-----
Armour         | 2 4 |  4.2
Axes           | 2 3 4 |  4.2
Dodging        | 1 |  1.2
Invocations    | 3 |  3.9
Fighting       | 4 |  4.2

Action                   |  1- 3 |  4- 6 |  7- 9 || total
-------------------------+-------+-------+-------++-------
Melee: War axe           |   108 |   131 |    20 ||   259
Throw: Tomahawk          |       |       |     1 ||     1
Invok: Depart the Abyss  |     1 |       |       ||     1
  Use: Scroll            |     2 |     2 |       ||     4
       Potion            |       |     5 |       ||     5
  Eat: Chunk             |    11 |    25 |     1 ||    37
Armor: Ring mail         |    55 |    41 |       ||    96
       Chain mail        |       |    69 |    11 ||    80
Dodge: Dodged            |    87 |    73 |    11 ||   171
